NCAA
MINNESOTA GOLDEN GOPHERS @ MARYLAND TERRAPINS
05/21/2030
 
TOP OF THE 1ST
Minnesota Golden Gophers batting - Pitching for Maryland Terrapins : LHP César Román
Pitching: LHP César Román
Batting: RHB Samuel Warner 0-0: Fly out, F7 (Flyball, 78M)
Batting: LHB Dave Landry 0-0: Fly out, F7 (Line Drive, 7)
Batting: RHB Jason Black 0-0: Ball
1-0: SINGLE (Flyball, 9LM)
Batting: RHB Ted Morgan 0-0: Foul Ball, location: 2F
0-1: Ball
1-1: SINGLE (Groundball, 34D)
Jason Black to second
Runner from 2nd tries for 3rd, SAFE, no throw
Batting: RHB Felipe Berrios 0-0: Called Strike
0-1: Ball
1-1: Swinging Strike
1-2: Strikes out swinging
Top of the 1st over - 0 runs, 2 hits, 0 errors, 2 left on base; Minnesota 0 - Maryland 0
BOTTOM OF THE 1ST
Maryland Terrapins batting - Pitching for Minnesota Golden Gophers : RHP Michael Campos
Pitching: RHP Michael Campos
Batting: SHB Philippe Paquin 0-0: Ball
1-0: Called Strike
1-1: Foul Ball, location: 2F
1-2: Ball
2-2: Ball
3-2: Foul Ball, location: 2F
3-2: TRIPLE (Flyball, 7D)
Batting: LHB Michael Wilson 0-0: Ball
1-0: Swinging Strike
1-1: Swinging Strike
1-2: Foul Ball, location: 2F
1-2: Strikes out looking
Batting: SHB Will Allen 0-0: Called Strike
0-1: Foul Ball, location: 2F
0-2: Ball
1-2: Foul Ball, location: 2F
1-2: Ball
2-2: Ball
3-2: Foul Ball, location: 2F
3-2: Ground out 4-3 (Groundball, 4)
Philippe Paquin scores
Batting: RHB Jeff O'Day 0-0: Foul Ball, location: 2F
0-1: Foul Ball, location: 2F
0-2: Strikes out swinging
Bottom of the 1st over - 1 run, 1 hit, 0 errors, 0 left on base; Minnesota 0 - Maryland 1
TOP OF THE 2ND
Minnesota Golden Gophers batting - Pitching for Maryland Terrapins : LHP César Román
Batting: RHB Steve Mitchell 0-0: Called Strike
0-1: Called Strike
0-2: Foul Ball, location: 2F
0-2: Ball
1-2: Ball
2-2: Foul Ball, location: 2F
2-2: Ball
3-2: Base on Balls
Batting: RHB Nolan Peterson 0-0: Ball
1-0: Foul Ball, location: 2F
1-1: Fly out, F7 (Flyball, 7S)
Batting: RHB Ramón Chávez 0-0: Ball
1-0: Called Strike
1-1: Ball
2-1: Called Strike
2-2: Ball
3-2: Foul Ball, location: 2F
3-2: Foul Ball, location: 2F
3-2: Base on Balls
Steve Mitchell to second
Batting: RHB Steve Richardson 0-0: Ball
1-0: Ball
2-0: Ball
3-0: Base on Balls
Steve Mitchell to third
Ramón Chávez to second
Batting: RHB Samuel Warner 0-0: Called Strike
0-1: Ball
1-1: Called Strike
1-2: Strikes out swinging
Batting: LHB Dave Landry 0-0: Called Strike
0-1: Swinging Strike
0-2: Ground out 4-3 (Groundball, 4)
Top of the 2nd over - 0 runs, 0 hits, 0 errors, 3 left on base; Minnesota 0 - Maryland 1
BOTTOM OF THE 2ND
Maryland Terrapins batting - Pitching for Minnesota Golden Gophers : RHP Michael Campos
Batting: RHB José Lazu 0-0: Ball
1-0: Ball
2-0: Ball
3-0: Called Strike
3-1: Base on Balls
Batting: LHB Juan Suárez 0-0: Ball
1-0: Fielders Choice at 2nd, 1-6 (Groundball, 13)
Batting: LHB Charlie Johnston 0-0: Ball
1-0: Foul Ball, location: 2F
1-1: Swinging Strike
Juan Suárez is caught stealing 2nd base
1-2: Ball
2-2: Ball
3-2: Base on Balls
Batting: RHB Les McCarty 0-0: Ball
1-0: 2-RUN HOME RUN (Flyball, 7D), Distance : 354 ft
Batting: RHB Ben Barnes 0-0: Called Strike
0-1: Ball
1-1: Ground out 4-3 (Groundball, 4)
Bottom of the 2nd over - 2 runs, 1 hit, 0 errors, 0 left on base; Minnesota 0 - Maryland 3
TOP OF THE 3RD
Minnesota Golden Gophers batting - Pitching for Maryland Terrapins : LHP César Román
Batting: RHB Jason Black 0-0: TRIPLE (Flyball, 78D)
Batting: RHB Ted Morgan 0-0: Ball
1-0: Foul Ball, location: 2F
1-1: Ball
2-1: Ball
3-1: Base on Balls
Batting: RHB Felipe Berrios 0-0: Swinging Strike
0-1: Called Strike
0-2: Strikes out swinging
Batting: RHB Steve Mitchell 0-0: Ball
1-0: Swinging Strike
1-1: SINGLE (Line Drive, 89S)
Jason Black scores
Ted Morgan to second
Batting: RHB Nolan Peterson 0-0: Grounds into double play, 6-4-3 (Groundball, 6M)
Top of the 3rd over - 1 run, 2 hits, 0 errors, 1 left on base; Minnesota 1 - Maryland 3
BOTTOM OF THE 3RD
Maryland Terrapins batting - Pitching for Minnesota Golden Gophers : RHP Michael Campos
Batting: SHB Philippe Paquin 0-0: Called Strike
0-1: Fly out, F9 (Flyball, 9D)
Batting: LHB Michael Wilson 0-0: Ball
1-0: Called Strike
1-1: Ball
2-1: Foul Ball, location: 2F
2-2: Ball
3-2: Strikes out swinging
Batting: SHB Will Allen 0-0: Ball
1-0: Swinging Strike
1-1: Ground out U3 (Groundball, 3L)
Bottom of the 3rd over - 0 runs, 0 hits, 0 errors, 0 left on base; Minnesota 1 - Maryland 3
TOP OF THE 4TH
Minnesota Golden Gophers batting - Pitching for Maryland Terrapins : LHP César Román
Batting: RHB Ramón Chávez 0-0: Called Strike
0-1: Ball
1-1: Ball
2-1: SINGLE (Flyball, 78S)
Batting: RHB Steve Richardson 0-0: Ball
1-0: Called Strike
1-1: Called Strike
1-2: Ball
2-2: Ground out 5-3 (Groundball, 5S)
Ramón Chávez to second
Batting: RHB Samuel Warner 0-0: Called Strike
0-1: Called Strike
0-2: Ball
1-2: Strikes out swinging
Batting: LHB Dave Landry 0-0: Called Strike
0-1: Ball
1-1: Ball
2-1: Ball
3-1: Base on Balls
Batting: RHB Jason Black 0-0: Foul Ball, location: 2F
0-1: Foul Ball, location: 2F
0-2: Ball
1-2: SINGLE (Line Drive, 78S)
Ramón Chávez to third
Dave Landry to second
Runner from 3rd tries for Home, SAFE, throw made home
Batting: RHB Ted Morgan 0-0: 3-RUN HOME RUN (Flyball, 7D), Distance : 371 ft
Batting: RHB Felipe Berrios 0-0: Foul Ball, location: 2F
0-1: Ball
1-1: Foul Ball, location: 2F
1-2: Ball
2-2: SINGLE (Groundball, 4MD)
Pitching: RHP Pedro Gallegos
Batting: RHB Steve Mitchell 0-0: Foul Ball, location: 2F
0-1: Fly out, F9 (Flyball, 89D)
Top of the 4th over - 4 runs, 4 hits, 0 errors, 1 left on base; Minnesota 5 - Maryland 3
BOTTOM OF THE 4TH
Maryland Terrapins batting - Pitching for Minnesota Golden Gophers : RHP Michael Campos
Batting: RHB Jeff O'Day 0-0: Called Strike
0-1: Called Strike
0-2: Foul Ball, location: 2F
0-2: Ball
1-2: Ball
2-2: Ball
3-2: Base on Balls
Batting: RHB José Lazu 0-0: Swinging Strike
0-1: Foul Ball, location: 2F
0-2: Ball
1-2: Ball
2-2: Strikes out looking
Batting: LHB Juan Suárez 0-0: Ball
1-0: Called Strike
1-1: Ball
2-1: Foul Ball, location: 2F
2-2: Foul Ball, location: 2F
2-2: Strikes out swinging
Batting: LHB Charlie Johnston 0-0: Foul Ball, location: 2F
0-1: Ball
1-1: Ball
2-1: Ball
3-1: SINGLE (Line Drive, 4MD)
Jeff O'Day to second
Runner from 2nd tries for 3rd, SAFE, throw made to third
Batting: RHB Les McCarty 0-0: Ball
1-0: Ball
2-0: Ball
3-0: Base on Balls
Charlie Johnston to second
Batting: RHB Ben Barnes 0-0: Called Strike
0-1: Called Strike
0-2: Strikes out swinging
Bottom of the 4th over - 0 runs, 1 hit, 0 errors, 3 left on base; Minnesota 5 - Maryland 3
TOP OF THE 5TH
Minnesota Golden Gophers batting - Pitching for Maryland Terrapins : RHP Pedro Gallegos
Batting: RHB Nolan Peterson 0-0: Ball
1-0: Swinging Strike
1-1: Swinging Strike
1-2: Strikes out swinging
Batting: RHB Ramón Chávez 0-0: Called Strike
0-1: Ball
1-1: Foul Ball, location: 2F
1-2: Ball
2-2: Ground out 6-3 (Groundball, 6)
Batting: RHB Steve Richardson 0-0: DOUBLE (Line Drive, 7D)
Batting: RHB Samuel Warner 0-0: Intentional Walk
Batting: LHB Dave Landry 0-0: Ball
1-0: Foul Ball, location: 2F
1-1: SINGLE (Groundball, 3D)
Steve Richardson to third
Samuel Warner to second
Runner from 3rd tries for Home, SAFE, no throw
Batting: RHB Jason Black 0-0: Ball
1-0: Foul Ball, location: 2F
1-1: Fly out, F7 (Flyball, 78S)
Top of the 5th over - 1 run, 2 hits, 0 errors, 2 left on base; Minnesota 6 - Maryland 3
BOTTOM OF THE 5TH
Maryland Terrapins batting - Pitching for Minnesota Golden Gophers : RHP Michael Campos
Pitching: RHP William Dinales
Batting: SHB Philippe Paquin 0-0: Ball
1-0: Swinging Strike
1-1: Ball
2-1: Ground out U3 (Groundball, 34)
Batting: LHB Michael Wilson 0-0: SINGLE (Groundball, 34D)
Batting: SHB Will Allen 0-0: Ball
1-0: Called Strike
Michael Wilson steals 2nd base
1-1: Ball
2-1: Ball
3-1: Called Strike
3-2: Base on Balls
Batting: RHB Jeff O'Day 0-0: Called Strike
0-1: Swinging Strike
0-2: Fielders Choice at 2nd, 1-4 (Groundball, 15S)
Michael Wilson to third
Batting: RHB José Lazu 0-0: Ball
1-0: Foul Ball, location: 2F
1-1: SINGLE (Groundball, 34D)
Michael Wilson scores
Jeff O'Day to second
Runner from 2nd tries for 3rd, SAFE, no throw
Batting: LHB Juan Suárez 0-0: Called Strike
0-1: Fielders Choice at 2nd, 6-4 (Groundball, 6)
Bottom of the 5th over - 1 run, 2 hits, 0 errors, 2 left on base; Minnesota 6 - Maryland 4
TOP OF THE 6TH
Minnesota Golden Gophers batting - Pitching for Maryland Terrapins : RHP Pedro Gallegos
Batting: RHB Ted Morgan 0-0: Ground out U3 (Groundball, 34)
Batting: RHB Felipe Berrios 0-0: Ground out 4-3 (Groundball, 34)
Batting: RHB Steve Mitchell 0-0: Swinging Strike
0-1: SINGLE (Flyball, 8LS)
Batting: RHB Nolan Peterson 0-0: Called Strike
0-1: Ground out 4-3 (Groundball, 4)
Top of the 6th over - 0 runs, 1 hit, 0 errors, 1 left on base; Minnesota 6 - Maryland 4
BOTTOM OF THE 6TH
Maryland Terrapins batting - Pitching for Minnesota Golden Gophers : RHP William Dinales
Batting: LHB Charlie Johnston 0-0: Swinging Strike
0-1: Ground out 6-3 (Groundball, 6)
Batting: RHB Les McCarty 0-0: Foul Ball, location: 2F
0-1: Ground out 6-3 (Groundball, 56)
Batting: RHB Ben Barnes 0-0: Swinging Strike
0-1: Foul Ball, location: 2F
0-2: Strikes out swinging
Bottom of the 6th over - 0 runs, 0 hits, 0 errors, 0 left on base; Minnesota 6 - Maryland 4
TOP OF THE 7TH
Minnesota Golden Gophers batting - Pitching for Maryland Terrapins : RHP Pedro Gallegos
Batting: RHB Ramón Chávez 0-0: Foul Ball, location: 2F
0-1: Ball
1-1: Ball
2-1: Foul Ball, location: 2F
2-2: Ball
3-2: Base on Balls
Batting: RHB Steve Richardson 0-0: Ball
1-0: Ball
2-0: Ball
3-0: Base on Balls
Ramón Chávez to second
Batting: RHB Samuel Warner 0-0: Called Strike
0-1: Called Strike
0-2: Foul Ball, location: 2F
0-2: Fielders Choice at 2nd, 4-6 (Groundball, 34)
Ramón Chávez to third
Pitching: LHP Eugene Hernández
Batting: LHB Dave Landry 0-0: Ball
1-0: Foul Ball, location: 2F
1-1: Ball
2-1: DOUBLE (Line Drive, 8LD)
Ramón Chávez scores
Samuel Warner to third
Runner from 3rd tries for Home, SAFE, no throw
Batting: RHB Jason Black 0-0: Intentional Walk
Pitching: LHP Enrico Sánchez
Batting: RHB Ted Morgan 0-0: Ball
1-0: Fly out, F3 (Popup, 3S)
Batting: RHB Felipe Berrios 0-0: Ball
1-0: Ball
2-0: Ball
3-0: Called Strike
3-1: Swinging Strike
3-2: Base on Balls
Dave Landry to third
Jason Black to second
Batting: RHB Steve Mitchell 0-0: Ball
1-0: Ball
2-0: Ball
3-0: Called Strike
3-1: Base on Balls
Dave Landry scores
Jason Black to third
Felipe Berrios to second
Batting: RHB Nolan Peterson 0-0: Ball
1-0: Swinging Strike
1-1: Swinging Strike
1-2: Foul Ball, location: 2F
1-2: Ball
2-2: Fielders Choice at 2nd, 5-4 (Groundball, 5)
Top of the 7th over - 3 runs, 1 hit, 0 errors, 3 left on base; Minnesota 9 - Maryland 4
BOTTOM OF THE 7TH
Maryland Terrapins batting - Pitching for Minnesota Golden Gophers : RHP William Dinales
Now at C: Duane Clarke
Batting: SHB Philippe Paquin 0-0: Foul Ball, location: 2F
0-1: SOLO HOME RUN (Flyball, 9LD), Distance : 333 ft
Pitching: RHP Sandy Lund
Batting: LHB Michael Wilson 0-0: Swinging Strike
0-1: Foul Ball, location: 2F
0-2: Ball
1-2: Strikes out looking
Batting: SHB Will Allen 0-0: Ball
1-0: Called Strike
1-1: Foul Ball, location: 2F
1-2: Ball
2-2: Fly out, F4 (Flyball, 34D)
Batting: RHB Jeff O'Day 0-0: Swinging Strike
0-1: Ball
1-1: Ball
2-1: Swinging Strike
2-2: Ball
3-2: Foul Ball, location: 2F
3-2: Base on Balls
Batting: RHB José Lazu 0-0: Called Strike
Jeff O'Day steals 2nd base
0-1: Ball
1-1: Swinging Strike
1-2: Strikes out looking
Bottom of the 7th over - 1 run, 1 hit, 0 errors, 1 left on base; Minnesota 9 - Maryland 5
TOP OF THE 8TH
Minnesota Golden Gophers batting - Pitching for Maryland Terrapins : LHP Enrico Sánchez
Batting: RHB Ramón Chávez 0-0: Ball
1-0: Ball
2-0: Ball
3-0: Called Strike
3-1: Base on Balls
Batting: RHB Steve Richardson 0-0: Ball
1-0: Ball
2-0: Fielders Choice at 2nd, 5-4 (Groundball, 5)
Batting: RHB Samuel Warner 0-0: Foul Ball, location: 2F
0-1: Ball
1-1: Ball
2-1: Ball
3-1: Called Strike
3-2: SINGLE (Groundball, 4) (infield hit)
Steve Richardson to second
Batting: LHB Dave Landry 0-0: DOUBLE (Line Drive, 7LS)
Steve Richardson scores
Samuel Warner to third
Runner from 3rd tries for Home, SAFE, no throw
Batting: RHB Jason Black 0-0: Foul Ball, location: 2F
0-1: Ball
Wild Pitch!
Dave Landry to third
1-1: Fly out, F7 (Flyball, 7D)
Runner from 3rd tags up, SCORES, throw made
Batting: RHB Ted Morgan 0-0: Fly out, F9 (Flyball, 9D)
Top of the 8th over - 3 runs, 2 hits, 0 errors, 0 left on base; Minnesota 12 - Maryland 5
BOTTOM OF THE 8TH
Maryland Terrapins batting - Pitching for Minnesota Golden Gophers : RHP Sandy Lund
Batting: LHB Juan Suárez 0-0: Called Strike
0-1: Swinging Strike
0-2: Foul Ball, location: 2F
0-2: SINGLE (Groundball, 34D)
Batting: LHB Charlie Johnston 0-0: Ball
1-0: Ball
2-0: Swinging Strike
2-1: Foul Ball, location: 2F
2-2: SINGLE (Flyball, 78M)
Juan Suárez to second
Batting: RHB Les McCarty 0-0: Ball
1-0: Ball
2-0: Foul Ball, location: 2F
2-1: Swinging Strike
2-2: Strikes out swinging
Batting: RHB Ben Barnes 0-0: Ball
1-0: Swinging Strike
1-1: Foul Ball, location: 2F
1-2: Ball
2-2: Strikes out swinging
Batting: SHB Philippe Paquin 0-0: Foul Ball, location: 2F
0-1: Ball
1-1: Fly out, F7 (Line Drive, 78M)
Bottom of the 8th over - 0 runs, 2 hits, 0 errors, 2 left on base; Minnesota 12 - Maryland 5
TOP OF THE 9TH
Minnesota Golden Gophers batting - Pitching for Maryland Terrapins : LHP Enrico Sánchez
Batting: RHB Duane Clarke 0-0: Ball
1-0: Foul Ball, location: 2F
1-1: Ball
2-1: Ball
3-1: Base on Balls
Pitching: LHP Ed Voight
Batting: RHB Steve Mitchell 0-0: Swinging Strike
Balk!
Duane Clarke to second
0-1: Called Strike
0-2: Strikes out swinging
Batting: RHB Nolan Peterson 0-0: Called Strike
0-1: Foul Ball, location: 2F
0-2: Ball
1-2: Fly out, F8 (Flyball, 8RD)
Batting: RHB Ramón Chávez 0-0: Ball
1-0: Ball
2-0: Called Strike
2-1: Foul Ball, location: 2F
2-2: Strikes out swinging
Top of the 9th over - 0 runs, 0 hits, 0 errors, 1 left on base; Minnesota 12 - Maryland 5
BOTTOM OF THE 9TH
Maryland Terrapins batting - Pitching for Minnesota Golden Gophers : RHP Sandy Lund
Pinch Hitting: RHB Kris Brown 0-0: Ground out 6-3 (Groundball, 6)
Batting: SHB Will Allen 0-0: Ball
1-0: Fly out, F7 (Flyball, 7)
Batting: RHB Jeff O'Day 0-0: Called Strike
0-1: Ball
1-1: Ball
2-1: Ball
3-1: Base on Balls
Batting: RHB José Lazu 0-0: Fly out, F7 (Flyball, 7S)
Bottom of the 9th over - 0 runs, 0 hits, 0 errors, 1 left on base; Minnesota 12 - Maryland 5
Saturday, April 7th, 2018 - OOTP Baseball 18.8 Build 76